 Dungeon Crawl Stone Soup version 0.31-a0-960-g0fca184906 (webtiles) character file.

Game seed: 7765077967179084136

15270107 Midn8 the Conqueror (level 27, 273/273 HPs)
             Began as a Purple Draconian Delver on Oct 22, 2023.
             Was the Champion of Ru.
             Escaped with the Orb
             ... and 15 runes on Oct 24, 2023!
             The game lasted 06:39:21 (102999 turns).

Midn8 the Conqueror (Purple Draconian Delver)     Turns: 102999, Time: 06:39:22

Health: 273/273    AC: 24    Str: 31    XL:     27
Magic:  45/45      EV: 11    Int: 13    God:    Ru [******]
Gold:   16006      SH: 31    Dex: 12    Spells: 36/62 levels left

rFire   + .          .
                       - Unarmed
rCold   + . .        E - +7 tower shield of Resourcefulness {Str+6}
rNeg    + + +        (body armour unavailable)
rPois   ∞            D - +2 hat
rElec   +            m - +2 cloak {rCorr}
rCorr   +            w - +2 pair of gloves
SInv    .            l - +2 pair of boots {rampage}
Will    +++++        W - amulet of Siyd {Contam Drain rN+++ Regen+ Str+3}
Stlth   +            q - ring "Usaqod" {Fly rPois rF+ Will+}
HPRegen 1.45/turn    s - ring "Koicsafu" {rElec rPois rF+ Dex-5}
MPRegen 0.29/turn

%: rampage
@: death-form, flying, studying 4 skills
A: vile attack, torment immunity, no potions, (breathe power), AC +13, unfitting
armour, cold-blooded, inability to drink after injury 2, inability to train
dodging, no earth magic, no summoning magic, no transmutations magic,
temperature sensitive, fangs 1, cold resistance 1, wild magic 1
0: Orb of Zot
}: 15/15 runes: decaying, serpentine, slimy, silver, golden, iron, obsidian,
icy, bone, abyssal, demonic, glowing, magical, fiery, dark
a: Siphon Essence, Begin Untransformation, Renounce Religion, Draw Out Power,
Power Leap, Apocalypse


You escaped.
You worshipped Ru.
Ru was exalted by your worship.
You were an undying horror.
You visited 17 branches of the dungeon, and saw 87 of its levels.
You visited Pandemonium 1 time, and saw 25 of its levels.
You visited the Abyss 2 times.
You also visited: Desolation.

You collected 18801 gold pieces.
You spent 2795 gold pieces at shops.

Inventory:

Missiles
 o - 2 throwing nets
 C - 17 boomerangs
 L - 2 curare-tipped darts
 T - 17 javelins (quivered)
Armour
 k - the -2 hat of the Alchemist {rElec rPois rF+ rC+ rN+ Will+ rMut rCorr}
   (You found it in the Desolation of Salt)

   rF+:       It protects you from fire.
   rC+:       It protects you from cold.
   rElec:     It insulates you from electricity.
   rPois:     It protects you from poison rN+: It protects you from negative
   energy.
   Will+:     It increases your willpower.
   rCorr:     It protects you from acid and corrosion.
   rMut:      It protects you from mutation.
 l - a +2 pair of boots of rampaging (worn)
 m - a +2 cloak of preservation (worn)
 w - a +2 pair of gloves (worn)
 B - the +2 cloak "Doczeu" {rC+}
   (You found it in Pandemonium)

   rC+:       It protects you from cold.
 D - a +2 hat (worn)
 E - the +7 tower shield of Resourcefulness (worn) {Str+6}
   (You took it off a daeva on level 1 of the Depths)

   Str+6:     It affects your strength (+6).
Jewellery
 n - the ring of Balance {Str+4 Dex+6}
   (You found it on level 5 of the Vaults)

   [ring of dexterity]

   Str+4:     It affects your strength (+4).
   Dex+6:     It affects your dexterity (+6).
 q - the ring "Usaqod" (left hand) {Fly rPois rF+ Will+}
   (You found it on level 3 of the Vaults)

   [ring of protection from fire]

   rF+:       It protects you from fire.
   rPois:     It protects you from poison Will+: It increases your willpower.
   Fly:       It grants you flight.
 s - the ring "Koicsafu" (right hand) {rElec rPois rF+ Dex-5}
   (You found it in the Desolation of Salt)

   [ring of protection from fire]

   Dex-5:     It affects your dexterity (-5).
   rF+:       It protects you from fire.
   rElec:     It insulates you from electricity.
   rPois:     It protects you from poison
 Q - a ring of see invisible
 R - the ring of Qazlal, Fortifying {Fire rCorr Str-3 Int+5 Dex+2}
   (You found it on level 3 of the Tomb of the Ancients)

   [ring of fire]

   Fire:      It enhances your fire magic.
   Str-3:     It affects your strength (-3).
   Int+5:     It affects your intelligence (+5).
   Dex+2:     It affects your dexterity (+2).
   rF+:       It protects you from fire.
   rC-:       It makes you vulnerable to cold.
   rCorr:     It protects you from acid and corrosion.
 W - the amulet of Siyd (around neck) {Contam Drain rN+++ Regen+ Str+3}
   (You took it off an ancient champion on level 3 of the Crypt)

   [amulet of regeneration]

   Str+3:     It affects your strength (+3).
   rN+++:     It renders you almost immune to negative energy.
   Contam:    It causes magical contamination when unequipped.
   Regen+:    It increases your rate of health regeneration.
   Drain:     It drains your maximum health when unequipped.
 X - the ring of the Morning {EV+5 Int+2}
   (You found it in Pandemonium)

   [ring of evasion]

   EV+5:      It affects your evasion (+5).
   Int+2:     It affects your intelligence (+2).
Talismans
 p - a talisman of death (active)
 J - the storm talisman of the Big Bang {rF+ rN+ SInv}
   (You found it in Pandemonium)

   [storm talisman]

   rF+:       It protects you from fire.
   rN+:       It protects you from negative energy.
   SInv:      It lets you see invisible.
 M - the dragon-blood talisman "Ijamiux" {rElec rN+ Will++ Int+3 Dex-2}
   (You found it on level 5 of the Pits of Slime)

   [dragon-blood talisman]

   Int+3:     It affects your intelligence (+3).
   Dex-2:     It affects your dexterity (-2).
   rElec:     It insulates you from electricity.
   rN+:       It protects you from negative energy.
   Will++:    It greatly increases your willpower.
Wands
 f - a wand of digging (46)
 i - a wand of quicksilver (37)
 v - a wand of mindburst (26)
 N - a wand of iceblast (66)
 Y - a wand of charming (91)
 Z - a wand of polymorph (44)
Scrolls
 b - 15 scrolls of fog
 d - 13 scrolls of fear
 h - 8 scrolls of butterflies
 r - 3 scrolls of silence
 t - 14 scrolls of vulnerability
 y - 12 scrolls of blinking
 H - 13 scrolls of teleportation
 I - 3 scrolls of revelation
 U - 11 scrolls of immolation
Potions
 a - 7 potions of resistance
 c - 4 potions of cancellation
 g - 18 potions of curing
 j - 7 potions of might
 u - 22 potions of heal wounds
 x - 10 potions of brilliance
 z - 11 potions of mutation
 A - 7 potions of magic
 F - 13 potions of enlightenment
 G - 4 potions of invisibility
 S - 4 potions of haste
Miscellaneous
 e - the horn of Geryon
 K - a box of beasts
 O - a lightning rod (4/4)
 P - a phantom mirror
 V - a phial of floods


   Skills:
 O Level 27 Fighting
 - Level 12.0 Maces & Flails
 - Level 6.0 Throwing
 - Level 4.5 Stealth
 O Level 27 Shields
 O Level 27 Unarmed Combat
 - Level 18.0 Spellcasting
 + Level 17.0 Conjurations
 - Level 10.0 Hexes
 - Level 5.0 Translocations
 - Level 16.0 Ice Magic
 - Level 25.3 Air Magic
 O Level 27 Evocations
 - Level 26.3 Shapeshifting


You had 36 spell levels left.
You knew the following spells:

 Your Spells              Type           Power      Damage    Failure   Level
a - Apportation           Tloc           64%        N/A       1%          1
c - Maxwell's Capacitive  Air            39%        ∞         2%          8
f - Freezing Cloud        Conj/Ice/Air   34%        6-21      1%          5
s - Silence               Hex/Air        33%        N/A       1%          5
v - Vhi's Electric Charg  Tloc/Air       100%       N/A       1%          4
z - Ozocubu's Armour      Ice            62%        N/A       1%          3

Your spell library contained the following spells:

 Spells                   Type           Power      Damage    Failure   Level
 Foxfire                  Conj/Fire      100%       2x1d9     1%          1
 Freeze                   Ice            100%       1d10      1%          1
 Kiss of Death            Conj/Necr      100%       2d13      1%          1
 Magic Dart               Conj           100%       1d8       1%          1
 Shock                    Conj/Air       100%       1d9       1%          1
 Slow                     Hex            100%       N/A       1%          1
 Blink                    Tloc           64%        N/A       1%          2
 Cigotuvi's Dreadful Rot  Necr/Pois/Air  86%        N/A       1%          2
 Ensorcelled Hibernation  Hex/Ice        100%       N/A       1%          2
 Jinxbite                 Hex            98%        N/A       1%          2
 Lesser Beckoning         Tloc           64%        N/A       1%          2
 Momentum Strike          Conj/Tloc      100%       3d10      1%          2
 Searing Ray              Conj           100%       2d8       1%          2
 Static Discharge         Conj/Air       100%       3-8/arc   1%          2
 Confusing Touch          Hex            49%        N/A       1%          3
 Dazzling Flash           Conj/Hex       100%       N/A       1%          3
 Frozen Ramparts          Ice            100%       1d16      1%          3
 Hailstorm                Conj/Ice       63%        3d13      1%          3
 Mephitic Cloud           Conj/Pois/Air  58%        N/A       1%          3
 Sigil of Binding         Hex            49%        N/A       1%          3
 Swiftness                Air            79%        N/A       1%          3
 Tukima's Dance           Hex            49%        N/A       1%          3
 Airstrike                Air            39%        2d(6-22)  1%          4
 Cause Fear               Hex            24%        N/A       1%          4
 Fulminant Prism          Conj/Hex       28%        3d14      1%          4
 Arcjolt                  Conj/Air       36%        1d46      1%          5
 Iskenderun's Battlesphe  Conj           64%        2d11      1%          5
 Metabolic Englaciation   Hex/Ice        28%        N/A       1%          5
 Conjure Ball Lightning   Conj/Air       36%        3x3d12    1%          6
 Inner Flame              Hex/Fire       32%        N/A       3%          3
 Flame Wave               Conj/Fire      44%        2d11      3%          4
 Sticky Flame             Conj/Fire      44%        2d6       3%          4
 Dimensional Bullseye     Hex/Tloc       20%        N/A       4%          4
 Orb of Destruction       Conj           32%        9d10      6%          7
 Plasma Beam              Fire/Air       27%        2x1d40    7%          6
 Necrotise                Necr           60%        1d7       8%          1
 Volatile Blastmotes      Fire/Tloc      46%        2d13      9%          3
 Manifold Assault         Tloc           32%        N/A       10%         4
 Passage of Golubria      Tloc           32%        N/A       10%         4
 Ozocubu's Refrigeration  Ice            31%        4d14      10%         7
 Scorch                   Fire           30%        2d6       12%         2
 Sublimation of Blood     Necr           15%        N/A       12%         2
 Vampiric Draining        Necr           15%        2d7       21%         3
 Starburst                Conj/Fire      22%        6d7       30%         6
 Simulacrum               Ice/Necr       21%        N/A       36%         6
 Animate Dead             Necr           15%        N/A       52%         4
 Olgreb's Toxic Radiance  Pois           15%        N/A       52%         4
 Enfeeble                 Hex            24%        N/A       65%         7
 Chain Lightning          Conj/Air       36%        3d48      71%         9
 Dispersal                Tloc           16%        N/A       75%         6
 Agony                    Necr           15%        N/A       86%         5
 Discord                  Hex            24%        N/A       99%         8
 Death Channel            Necr           7%         N/A       100%        6
 Disjunction              Tloc           16%        N/A       100%        8
 Ignition                 Fire           7%         3d5       100%        8
 Infestation              Necr           7%         N/A       100%        8
 Fire Storm               Conj/Fire      22%        8d6       100%        9
 Summon Lightning Spire   Summ/Air       Unusable   N/A       N/A         4
 Summon Guardian Golem    Hex/Summ       Unusable   N/A       N/A         3
 Sandblast                Erth           Unusable   2d9       N/A         1
 Sting                    Tmut/Pois      Unusable   1d6       N/A         1
 Summon Small Mammal      Summ           Unusable   N/A       N/A         1
 Call Imp                 Summ           Unusable   N/A       N/A         2
 Passwall                 Tmut/Erth      Unusable   N/A       N/A         2
 Wereblood                Tmut           Unusable   N/A       N/A         2
 Ignite Poison            Fire/Tmut/Pois Unusable   N/A       N/A         3
 Yara's Violent Unravell  Hex/Tmut       Unusable   3d8       N/A         5
 Summon Forest            Summ/Tloc      Unusable   N/A       N/A         5
 Spellforged Servitor     Conj/Summ      Unusable   N/A       N/A         7
 Alistair's Intoxication  Tmut/Pois      Unusable   N/A       N/A         5
 Borgnjor's Vile Clutch   Necr/Erth      Unusable   N/A       N/A         5
 Eringya's Noxious Bog    Tmut/Pois      Unusable   4d6       N/A         6
 Haunt                    Necr/Summ      Unusable   N/A       N/A         7
 Malign Gateway           Summ/Tloc      Unusable   N/A       N/A         7
 Summon Hydra             Summ           Unusable   N/A       N/A         7
 Lehudib's Crystal Spear  Conj/Erth      Unusable   10d6      N/A         8
 Shatter                  Erth           Unusable   3d10*     N/A         9

Dungeon Overview and Level Annotations

Branches:
Dungeon (15/15)            Temple (0/1) D:4            Lair (5/5) D:10
  Swamp (4/4) Lair:2        Snake (4/4) Lair:3        Slime (5/5) Lair:5
    Orc (2/2) D:12            Elf (3/3) Orc:2        Vaults (5/5) D:14
  Crypt (3/3) Vaults:2       Tomb (3/3) Crypt:3      Depths (4/4) D:15
   Hell (visited)             Dis (7/7) Hell            Geh (7/7) Hell
    Coc (7/7) Hell            Tar (7/7) Hell            Zot (5/5) Depths:4
Desolation (visited)

Altars:
Ashenzari
Dithmenos
Elyvilon
Fedhas
Gozag
Hepliaklqana
Kikubaaqudgha
Makhleb
Nemelex Xobeh
Okawaru
Ru
Sif Muna
Trog
Vehumet
Xom
Yredelemnul
Zin
Jiyva

Shops:
D:4 *   Orc:2 :*!(   Elf:3 (   Snake:4 [[[[:   Vaults:1 :   Vaults:3 (
Depths:4 [=*[

Portals:
Hell: Depths:1 Depths:2 Depths:3 Depths:4
Abyss: Depths:1 Depths:2 Depths:3
Pandemonium: Depths:2
Ziggurat: Depths:1
Trove: Elf:3 (give 5 scrolls of blinking)

Annotations:
D:2 exclusions: 2 kobolds and 7 more exclusions
D:5 1 exclusion
Elf:2 3 runed translucent doors
Vaults:4 1 runed translucent door
Crypt:1 2 transporters, 1 runed door, exclusion: orange crystal statue, Waukhla's ghost, veteran KoBr
Zot:5 1 exclusion


Innate Abilities, Weirdness & Mutations

You are an undying horror.
Your melee and unarmed attacks drain, slow and weaken victims.
You are immune to unholy pain and torment.
You cannot drink.
You are immune to poison.
((You can breathe bolts of dispelling energy.))
Your rich purple scales are hard. (AC +13)
You cannot fit into any form of body armour.
You are cold-blooded and may be slowed by cold attacks.
You sometimes lose the ability to drink potions when taking damage.
You cannot train Dodging skill.
You cannot study or cast Earth magic.
You cannot study or cast Summoning magic.
You cannot study or cast Transmutations magic.
You are sensitive to extremes of temperature. (rF-, rC-)
You have very sharp teeth.
Your flesh is cold resistant. (rC+)
Your spells are a little harder to cast, but a little more powerful.


Message History

A rust devil comes into view.
You pummel the Orb Guardian!!
The Orb Guardian decays.
The Orb Guardian is moderately wounded.
You block the Orb Guardian's attack.
You pulverise the Orb Guardian!!!!
You kill the Orb Guardian!
Your Conjurations skill increases to level 17!
You rampage towards the rust devil!
You rampage towards the rust devil!
You pummel the rust devil like a punching bag!!!
The rust devil decays.
You tail-slap the rust devil, but do no damage.
The rust devil is almost dead.
You squash the rust devil like an ant!!!
You kill the rust devil!
No target in view!
(D) Dungeon (T) Temple (L) Lair (S) Swamp (P) Snake Pit (M) Slime Pits (O) Orcish Mines (E) Elven Halls (V) Vaults (C) Crypt (W) Tomb (U) Depths (H) Hell (I) Dis (G) Gehenna (X) Cocytus (Y) Tartarus (Z) Zot
Where to? (Tab/Enter - D:1 @ (x,y), ? - help)
There is a stone staircase leading up, spattered with blood here.
You fly upwards.
There is a stone staircase leading down here.
Magic restored.
There is a stone staircase leading up here.
You fly upwards.
There is a stone staircase leading down here.
There is a stone staircase leading up here.
There is a stone staircase leading up here.
You fly upwards.
Level annotation: exclusions: 2 kobolds and 7 more exclusions
There is a stone staircase leading down here.
There is a stone staircase leading up here.
You fly upwards.
There is a stone staircase leading down here.
There is an open door here.
There is a staircase leading out of the dungeon here.
You have escaped!

##......######.....♣.♣♣♣......'..
.##...........#...............###
.##.##...#######.######..##'#.[).
.....+...##~~~~#+#~~~~##.##.#.###
.##.##...#~~~~~#.#~~~~○#.##.#.÷..
.........#~~~~~#.#~~~~~#.##.#....
.......#.#~~#~~#.#~~#~~#.........
.......#.#~~~~~#.#~~○~~#.#.......
......##.#~~○~~#z#~~~~~#.#.......
.......#.#~~~~~#.#☼~§~~#.#.......
.........#~~~~~#.#~~~~~#.##...##.
.........#~~#~~#.#~~#~~#.###.##.⌠
.........#~~~~~#.#~~~~~#.# #.#...
..#####+.##~~~X#'#~~~~##.###...⌠.
..........######.######.......#..
#.............................##.
#..#####.###.####....♣♣.♣♣.....##


You could see an Orb Guardian.

Vanquished Creatures
  Cerebov (Pan)
  Antaeus (Coc:7)
  Asmodeus (Geh:7)
  the Royal Jelly (Slime:5)
  Gloorx Vloq (Pan)
  the Serpent of Hell (Geh:7)
  Mnoleg (Pan)
  Lom Lobon (Pan)
  5 orbs of fire (Zot:5)
  4 dread liches
  Dispater (Dis:7)
  2 ancient liches
  4 juggernauts
  Mennas (Pan)
  Boris (twice) (Vaults:5 Tomb:3)
  26 royal mummies
  the Lernaean hydra (Swamp:4)
  14 shard shrikes
  7 Killer Klowns (Zot:5)
  Bai Suzhen (Vaults:5)
  2 curse toes (Zot:3)
  46 caustic shrikes
  Jory (Depths:2)
  Geryon (Hell)
  Norris (Vaults:4)
  10 golden dragons
  5 profane servitors
  the Enchantress (Depths:1)
  29 bone dragons
  26 Tzitzimimeh
  18 Brimstone Fiends
  22 doom hounds
  20 iron giants
  12 pandemonium lords
  4 electric golems
  14 hellephants
  A spectral shard shrike (Tar:5)
  27 Ice Fiends
  17 tentacled monstrosities
  31 Hell Sentinels
  17 tainted leviathans
  Jorgrun (Orc:2)
  29 Orb Guardians
  8 quicksilver dragons
  8 liches
  2 walking divine tomes (Depths:3)
  25 titans
  15 sphinxes
  2 deep elf blademasters (Elf:3)
  Murray (Depths:1)
  A walking frostbound tome (Depths:3)
  36 ancient champions
  25 searing wretches
  13 acid blobs
  2 deep elf master archers (Elf:3)
  5 tentacled starspawn
  19 Executioners
  19 death cobs
  3 thorn hunters
  Aizul (Snake:1)
  16 shadow dragons
  A fenstrider witch (Swamp:4)
  12 demonspawn warmongers (Pan)
  8 tengu reavers
  10 revenants
  14 storm dragons
  26 fire giants
  2 daevas (Depths:1)
  14 nagarajas
  6 draconian monks
  13 frost giants
  4 iron dragons
  6 draconian knights
  Donald (Snake:2)
  Louise (Snake:1)
  12 azure jellies
  19 narguns
  10 quicksilver elementals
  11 rockslimes
  41 balrugs
  5 deep elf sorcerers
  18 vault wardens
  2 caustic shrike zombies (Hell)
  13 draconian scorchers
  4 deep elf elementalists
  3 curse skulls
  13 ghouls
  9 spectral caustic shrikes
  7 orc warlords
  3 ghost moths
  5 spectral juggernauts
  7 draconian stormcallers
  26 cacodemons
  7 quicksilver oozes
  8 draconian shifters
  6 shard shrike simulacra
  8 demonspawn corrupters (Pan)
  13 draconian annihilators
  5 spriggan defenders
  17 ironbound preservers
  A broodmother (shapeshifter) (Depths:3)
  19 demonspawn blood saints
  6 formless jellyfish
  20 very ugly things
  3 caustic shrike skeletons
  26 war gargoyles
  6 green draconians
  24 reapers
  17 stone giants
  15 elemental wellsprings
  20 putrid mouths
  7 vampire knights
  8 deep elf demonologists
  17 lorocyprocas
  3 bunyips (Swamp:3)
  12 dire elephants
  8 demonspawn black suns (Pan)
  14 white draconians
  7 deep elf annihilators
  11 purple draconians
  2 spectral titans
  8 ironbound thunderhulks
  4 halazid warlocks (Desolation)
  21 wendigos
  6 bennus
  11 red draconians
  10 black draconians
  3 eleionomae
  7 spark wasps
  33 eidola
  9 yellow draconians
  13 mummy priests
  15 deep elf death magi
  A spectral quicksilver dragon (Tar:6)
  Snorg (D:11)
  A pearl dragon zombie (Crypt:3)
  7 green deaths (Pan)
  3 entropy weavers
  23 blizzard demons
  3 crystal guardians (Desolation)
  7 deep elf high priests
  4 ragged hierophants (Desolation)
  20 iron golems
  14 ettins
  A merfolk javelineer (Depths:3)
  Josephine (D:11)
  13 fire dragons
  7 jiangshi
  5 spectral spriggans
  A spectral golden dragon (Tar:6)
  A spectral iron giant (Tar:4)
  A quicksilver dragon zombie (Crypt:3)
  6 servants of whispers (Desolation)
  9 yaktaur captains
  A spriggan zombie (Depths:2)
  3 rakshasas
  4 juggernaut simulacra
  23 hydras
  10 ironbound frosthearts
  6 peacekeepers
  10 caustic shrike simulacra
  13 hell beasts
  9 great orbs of eyes
  A hydra (shapeshifter) (D:13)
  36 vault guards
  9 ice dragons
  A spectral sphinx (Depths:2)
  A catoblepas (D:13)
  19 salamander tyrants
  5 spriggan air magi
  3 spriggan skeletons
  9 alligators
  An alligator (shapeshifter) (Depths:3)
  9 centaur warriors
  7 anacondas
  A sphinx skeleton (Crypt:2)
  4 ogre magi
  10 two-headed ogres
  18 naga warriors
  2 spectral stone giants
  9 stokers
  Erica (D:10)
  4 alligator snapping turtles (Snake:3)
  70 hell hogs
  7 deep troll shamans
  19 boulder beetles
  17 dancing weapons
  9 death scarabs (Tomb:1)
  13 demonic crawlers
  4 tengu warriors
  10 vampire magi
  5 spriggan berserkers
  5 death knights
  17 naga sharpshooters
  4 spectral nagas
  5 deep troll earth magi
  4 thrashing horrors (Abyss:3)
  9 orc high priests
  8 shock serpents
  A spectral dire elephant (Tar:1)
  Nergalle (D:10)
  A titan zombie (Crypt:3)
  12 hell knights
  5 deep elf knights
  An occultist (Depths:1)
  Urug (Orc:2)
  66 soul eaters
  2 titan skeletons
  10 crystal echidnas
  64 sun demons
  2 spectral bunyips
  5 salamander mystics
  4 iron trolls
  7 skysharks
  36 skeletal warriors
  6 goliath frogs
  29 sixfirhies
  2 storm dragon skeletons
  A wretched star (Abyss:3)
  33 shadow wraiths
  6 quicksilver dragon simulacra
  A spark wasp zombie (Depths:2)
  6 bog bodies
  5 sea snakes
  36 deep trolls
  9 flayed ghosts
  5 spriggan druids
  A swamp dragon (shapeshifter) (Vaults:5)
  7 naga ritualists
  A bunyip skeleton (Crypt:3)
  14 shadow demons (Pan)
  13 swamp dragons
  3 anaconda skeletons
  An obsidian statue (Zot:5)
  2 spectral iron dragons
  8 deep elf archers
  29 ironbound convokers
  A golden dragon skeleton (Crypt:3)
  4 spriggan simulacra
  12 arcanists
  2 glowing orange brains
  Pikel (D:6)
  A death drake (Swamp:4)
  6 lindwurms
  6 necromancers
  A steelbarb worm (shapeshifter) (D:14)
  24 orc knights
  A wolf spider (D:13)
  13 phantasmal warriors
  3 spectral ettins
  20 deep elf pyromancers
  An iron dragon zombie (Depths:2)
  22 deep elf zephyrmancers
  A frost giant zombie (Vaults:2)
  5 mana vipers
  18 salamanders
  A mana viper (shapeshifter) (Depths:4)
  A human zombie (Tomb:1)
  10 cyclopes
  A shadow dragon skeleton (Crypt:3)
  5 orc sorcerers
  5 shining eyes
  21 moths of wrath
  A moth of wrath (shapeshifter) (Depths:3)
  21 ugly things
  5 manticores
  4 spectral centaurs
  A frost giant skeleton (Depths:2)
  An iron dragon skeleton (Pan)
  27 vault sentinels
  2 will-o-the-wisps
  Maurice (D:8)
  A stone giant skeleton (Crypt:1)
  46 black mambas
  4 apis skeletons (Crypt:3)
  18 naga magi
  15 elephants
  44 smoke demons
  An eye of devastation (shapeshifter) (D:13)
  A centaur zombie (Tomb:1)
  3 dire elephant zombies
  11 guardian serpents
  A naga zombie (Tomb:3)
  12 molten gargoyles
  4 gargoyles
  3 rust devils
  10 cane toads
  2 centaur skeletons
  2 dire elephant skeletons
  2 ice statues (Coc:7)
  19 orange demons
  6 titan simulacra
  2 naga skeletons
  34 hellions
  A death yak zombie (Crypt:2)
  4 efreet (Pan)
  10 komodo dragons
  2 unseen horror zombies
  19 yaktaurs
  A kobold demonologist (D:12)
  6 rime drakes
  13 freezing wraiths
  A redback zombie (Crypt:2)
  3 unseen horrors
  An unseen horror (shapeshifter) (D:14)
  A catoblepas zombie (Crypt:1)
  26 tormentors
  2 golden dragon simulacra (Depths:2)
  A sea snake skeleton (Crypt:3)
  An iron giant simulacrum (Coc:7)
  6 red devils (Pan)
  24 guardian mummies
  An ancient zyme (Abyss:2)
  2 silent spectres
  2 anaconda simulacra
  4 ice devils
  7 spectral harpies
  2 harpy zombies
  8 polar bears
  A black draconian skeleton (Crypt:2)
  A pale draconian skeleton (Crypt:2)
  10 meliai
  5 trolls
  A yaktaur skeleton (Vaults:2)
  A red draconian skeleton (Crypt:1)
  A troll (shapeshifter) (D:15)
  2 bloated husks
  A catoblepas skeleton (Pan)
  3 tengu conjurers
  7 tyrant leeches
  A tarantella (Vaults:4)
  A shadow dragon simulacrum (Hell)
  Grinder (D:5)
  Prince Ribbit (D:8)
  24 hellwings
  43 saltlings (Desolation)
  A wind drake (shapeshifter) (Vaults:5)
  16 hornets
  A meliai (shapeshifter) (Depths:3)
  A harpy skeleton (Pan)
  A polar bear (shapeshifter) (D:13)
  A tarantella (shapeshifter) (D:15)
  An ettin zombie (Tomb:3)
  5 raiju
  14 blink frogs
  3 snapping turtles (Snake:3)
  4 dream sheep (Lair:5)
  2 stone giant simulacra
  5 glass eyes
  3 spectral black mambas (Tar:1)
  2 ice dragon skeletons
  A jumping spider zombie (Crypt:2)
  3 iron dragon simulacra
  102 slime creatures
  A black mamba zombie (Tomb:1)
  6 flying skulls
  2 air elementals (Elf:3)
  A culicivora (shapeshifter) (D:15)
  5 wyverns
  35 ynoxinuls
  4 dire elephant simulacra
  6 naga simulacra
  13 water elementals
  4 centaur simulacra
  23 spriggans
  13 wraiths
  An elf zombie (Vaults:2)
  3 shadows
  6 vampires
  A golden eye (Slime:5)
  4 humans (D:8)
  56 yaks
  3 fire elementals
  A fire bat (shapeshifter) (D:13)
  A wind drake zombie (Crypt:1)
  Grum (D:11)
  29 ushabtiu
  38 large abominations
  2 steam dragons (D:9)
  A yak (shapeshifter) (D:14)
  A human simulacrum (Vaults:2)
  A redback (shapeshifter) (Vaults:3)
  11 vampire mosquitoes
  5 redbacks
  3 basilisks
  26 chaos spawn
  24 neqoxecs
  Menkaure (D:5)
  11 harpy simulacra
  4 wargs
  A two-headed ogre zombie (Tomb:1)
  17 swamp worms
  41 nagas
  2 acid dragons
  3 hell hounds (Pan)
  11 water moccasins
  2 glowing shapeshifter skeletons
  A human skeleton (Depths:2)
  4 ice beasts
  A hornet zombie (Crypt:3)
  39 orc warriors
  6 ettin simulacra
  10 swamp drakes
  4 black bears
  36 wolves
  A boggart (shapeshifter) (Depths:3)
  3 boggarts
  A black mamba simulacrum (Hell)
  8 ogres
  17 centaurs
  4 lemures (D:6)
  2 phantoms (D:5)
  3 small abominations (Abyss:3)
  4 kobold brigands
  12 bullfrogs
  2 earth elementals
  A gnoll sergeant (D:9)
  4 necrophages
  5 scorpions
  16 wights
  A raiju zombie (Crypt:1)
  A hornet simulacrum (D:13)
  A queen bee zombie (Crypt:3)
  8 killer bees
  9 howler monkeys
  3 electric eels (Lair:1)
  2 quasits (Abyss:3)
  10 hounds
  An iron imp (Abyss:3)
  A jelly (D:6)
  26 orc priests
  2 gnoll boudas
  3 iguanas
  3 sleepcaps (D:5)
  19 orc wizards
  A hell rat (Lair:5)
  An acid dragon skeleton (Crypt:2)
  A hound zombie (Crypt:2)
  20 mummies
  6 adders
  14 gnolls
  A steam dragon skeleton (Crypt:2)
  A shadow imp (Abyss:3)
  4 white imps
  An ufetubus (Abyss:3)
  3 dart slugs
  64 orcs
  4 ball pythons
  11 bats
  8 endoplasms
  2 giant cockroaches
  5 goblins
  7 hobgoblins
  14 kobolds
  4 quokkas
  2 dart slug zombies (Crypt:1)
  A frilled lizard (D:2)
  A kobold skeleton (Crypt:1)
  An orc skeleton (Crypt:1)
  5 rats (D:1)
  6 creeping infernos
  13 fire vortices
  A lurking horror (Abyss:2)
  2 starspawn tentacles (Abyss:3)
4198 creatures vanquished.

Vanquished Creatures (collateral kills)
  Ereshkigal (Tar:7)
  A Killer Klown (Zot:5)
  2 Tzitzimimeh (Tar:7)
  A hellephant (Geh:7)
  An Ice Fiend (Coc:7)
  A nargun (Coc:7)
  A wendigo (Coc:7)
  A demonspawn black sun (Pan)
  A soul eater (Pan)
  2 sun demons (Pan)
  A smoke demon (Pan)
  A tormentor (Geh:7)
  A ynoxinul (Pan)
  A hydra simulacrum (Coc:7)
16 creatures vanquished.

Vanquished Creatures (others)
  A royal mummy (Tomb:3)
  A shard shrike (Coc:7)
  A doom hound (Tar:7)
  An iron giant (Dis:7)
  A Tzitzimitl (Pan)
  2 titans (Coc:7)
  A walking crystal tome (Depths:3)
  An eldritch tentacle (Pan)
  A death cob (Zot:3)
  An Executioner (Pan)
  A nagaraja (Snake:4)
  A fire giant (Geh:7)
  A balrug (Hell)
  A quicksilver elemental (Dis:6)
  An ironbound preserver (Vaults:5)
  2 quicksilver oozes (Slime:5)
  A lorocyproca (Pan)
  A deep elf annihilator (Pan)
  A white draconian (Zot:1)
  A bunyip (Swamp:1)
  A blizzard demon (Pan)
  A pearl dragon zombie (Crypt:3)
  A vault guard (Vaults:5)
  2 caustic shrike simulacra
  A juggernaut simulacrum (Coc:5)
  A salamander tyrant (Snake:2)
  A naga sharpshooter (Snake:4)
  A crystal echidna (Dis:7)
  A soul eater (Pan)
  A sun demon (Pan)
  A sixfirhy (Pan)
  2 shadow wraiths
  A deep elf archer (Elf:1)
  2 spriggan simulacra
  A flayed ghost (Depths:3)
  A phantasmal warrior (Vaults:2)
  A deep elf pyromancer (Elf:3)
  2 deep elf zephyrmancers
  A cyclops (D:12)
  A black mamba (Lair:3)
  2 elephants
  A slime creature (Slime:3)
  A guardian serpent (Lair:3)
  A bunyip simulacrum (Coc:1)
  2 anaconda simulacra
  An iron giant simulacrum (Coc:4)
  A bloated husk (Swamp:1)
  A saltling (Desolation)
  A blink frog (Lair:2)
  2 ynoxinuls (Pan)
  A dire elephant simulacrum (Coc:7)
  A wyvern (D:9)
  An ushabti (Tomb:3)
  A yak (Lair:1)
  A wraith (Crypt:2)
  A chaos spawn (Pan)
  A neqoxec (Pan)
  6 harpy simulacra
  A naga (Snake:4)
  An orc warrior (Orc:2)
  An ettin simulacrum (Coc:2)
  An ogre (D:6)
  A tengu (shapeshifter) (Depths:4)
  A wolf (D:10)
  A hound (D:5)
  An orc (D:5)
  A kobold (D:9)
  A ball lightning (Pan)
  A creeping inferno (Geh:7)
  A fire vortex (Geh:7)
  2 foxfires (Swamp:2)
  3 spectral weapons
  7 starspawn tentacles
96 creatures vanquished.

Grand Total: 4310 creatures vanquished

Notes
Turn   | Place    | Note
-------+----------+-------------------------------------------
     0 | D:5      | Midn8 the Draconian Delver began the quest for the Orb.
     0 | D:5      | Reached XP level 1. HP: 19/19 MP: 1/1
    19 | D:4      | Noticed an iguana
    56 | D:4      | Found Zin's Purification Station.
    59 | D:4      | Found a glowing silver altar of Zin.
   115 | D:4      | Found a sacrificial altar of Ru.
   118 | D:4      | Became a worshipper of Ru the Awakened
   301 | D:3      | Found an opulent altar of Gozag.
   348 | D:3      | Reached XP level 2. HP: 26/26 MP: 2/2
   595 | D:1      | Reached XP level 3. HP: 31/31 MP: 3/3
  1013 | D:1      | Gained mutation: You cannot train Dodging skill. [Ru
                  | sacrifice]
  1013 | D:1      | Reached * piety under Ru
  1013 | D:1      | Reached ** piety under Ru
  1569 | D:2      | Found a shadowy altar of Dithmenos.
  1599 | D:2      | Reached XP level 4. HP: 40/40 MP: 4/4
  2400 | D:3      | Found a white marble altar of Elyvilon.
  2545 | D:3      | Found an iron altar of Okawaru.
  2843 | D:3      | Found an ancient bone altar of Kikubaaqudgha.
  3044 | D:4      | Found a broken altar of Ashenzari.
  3229 | D:4      | Reached XP level 5. HP: 33/46 MP: 5/5
  3272 | D:4      | Reached skill level 5 in Maces & Flails
  3501 | D:4      | Found a staircase to the Ecumenical Temple.
  3658 | D:5      | Found a bloodstained altar of Trog.
  3711 | D:5      | Reached XP level 6. HP: 52/52 MP: 6/6
  3795 | D:5      | Noticed Grinder
  3796 | D:5      | Noticed Menkaure
  3845 | D:5      | Reached skill level 5 in Fighting
  3887 | D:5      | Your scales start taking on a rich purple colour.
  3887 | D:5      | Reached XP level 7. HP: 58/60 MP: 7/7
  3901 | D:5      | Gained mutation: You cannot study or cast Earth magic. [Ru
                  | sacrifice]
  3901 | D:5      | Gained mutation: You cannot study or cast Transmutations
                  | magic. [Ru sacrifice]
  3901 | D:5      | Gained mutation: You cannot study or cast Summoning magic.
                  | [Ru sacrifice]
  3901 | D:5      | Reached *** piety under Ru
  4313 | D:5      | Found a burning altar of Makhleb.
  4726 | D:6      | Noticed Pikel
  4749 | D:6      | Killed Pikel
  4750 | D:6      | Reached XP level 8. HP: 74/74 MP: 8/8
  5119 | D:6      | Identified the +1 trident of Okawaru's Generosity {heavy,
                  | rC+ Str+3 Dex-2}
  5395 | D:6      | Reached XP level 9. HP: 81/81 MP: 9/9
  5524 | D:6      | Reached skill level 10 in Maces & Flails
  5822 | D:7      | Reached skill level 10 in Fighting
  6341 | D:8      | Gained mutation: You are sensitive to extremes of
                  | temperature. (rF-, rC-) [Ru sacrifice]
  6341 | D:8      | Reached **** piety under Ru
  6341 | D:8      | Reached ***** piety under Ru
  6347 | D:8      | Found a radiant altar of Vehumet.
  6446 | D:8      | Found a sparkling altar of Nemelex Xobeh.
  6477 | D:8      | Noticed Maurice
  6493 | D:8      | Maurice stole a dragon-blood talisman
  6498 | D:8      | Maurice stole a ring of flight
  6502 | D:8      | Killed Maurice
  6508 | D:8      | Reached XP level 10. HP: 72/93 MP: 10/10
  6824 | D:8      | Found a hazy altar of Hepliaklqana.
  6950 | D:9      | Noticed Prince Ribbit
  6989 | D:8      | Killed Prince Ribbit
  7088 | D:9      | Reached skill level 1 in Evocations
  7292 | D:9      | Reached skill level 5 in Evocations
  7359 | D:9      | Noticed a boulder beetle
  7414 | D:9      | Killed a boulder beetle
  7415 | D:9      | Reached XP level 11. HP: 88/99 MP: 2/11
  7784 | D:9      | Found a shadowy altar of Dithmenos.
  7926 | D:9      | Found a basalt altar of Yredelemnul.
  7947 | D:9      | Gained mutation: You occasionally lose the ability to drink
                  | potions when taking damage. [Ru sacrifice]
  7947 | D:9      | Gained mutation: You sometimes lose the ability to drink
                  | potions when taking damage. [Ru sacrifice]
  7947 | D:9      | Reached ****** piety under Ru
  8096 | D:10     | Entered Level 10 of the Dungeon
  8105 | D:10     | Found a staircase to the Lair.
  8172 | D:10     | Gained mutation: You occasionally lose the ability to read
                  | scrolls when taking damage. [potion of mutation]
  8172 | D:10     | Gained mutation: Your mind is acute. (Int +4, Str/Dex -1)
                  | [potion of mutation]
  8173 | D:10     | Lost mutation: You occasionally lose the ability to read
                  | scrolls when taking damage. [potion of mutation]
  8173 | D:10     | Lost mutation: Your mind is acute. (Int +4, Str/Dex -1)
                  | [potion of mutation]
  8173 | D:10     | Gained mutation: Your flesh is cold resistant. (rC+)
                  | [potion of mutation]
  8173 | D:10     | Gained mutation: You have very sharp teeth. [potion of
                  | mutation]
  8173 | D:10     | Gained mutation: Your spells are a little harder to cast,
                  | but a little more powerful. [potion of mutation]
  8314 | D:10     | Noticed a two-headed ogre
  8337 | D:10     | Killed a two-headed ogre
  8461 | D:10     | Noticed Nergalle
  8479 | D:10     | Killed Nergalle
  8504 | D:10     | Reached skill level 1 in Shields
  8573 | D:10     | Noticed a two-headed ogre
  8586 | D:10     | Killed a two-headed ogre
  8692 | D:10     | Noticed Erica
  8788 | D:10     | Killed Erica
  9415 | Lair:1   | Entered Level 1 of the Lair of Beasts
  9500 | D:10     | Reached skill level 15 in Fighting
  9701 | Lair:1   | Reached skill level 1 in Throwing
  9839 | Lair:1   | Reached XP level 12. HP: 103/121 MP: 12/12
  9912 | Lair:1   | Noticed a five-headed hydra
  9925 | Lair:1   | Killed a five-headed hydra
  9930 | Lair:1   | Reached skill level 5 in Throwing
 10056 | Lair:1   | Noticed an eight-headed hydra
 10069 | Lair:1   | Killed an eight-headed hydra
 10164 | Lair:1   | Reached skill level 1 in Unarmed Combat
 10445 | Lair:1   | Reached skill level 5 in Unarmed Combat
 10916 | Lair:2   | Noticed a four-headed hydra
 11395 | Lair:2   | Killed a four-headed hydra
 11497 | Lair:2   | Found a staircase to the Swamp.
 12146 | Lair:3   | Reached XP level 13. HP: 112/127 MP: 13/13
 12259 | Lair:3   | Reached skill level 10 in Unarmed Combat
 12259 | Lair:3   | Reached skill level 1 in Shapeshifting
 12975 | Lair:3   | Found a staircase to the Snake Pit.
 13080 | Gauntlet | Identified the "Bipsucax"
 13339 | Lair:4   | Reached skill level 5 in Shapeshifting
 14547 | Lair:5   | Entered Level 5 of the Lair of Beasts
 14804 | D:3      | Found a shimmering altar of Xom.
 14899 | D:5      | Killed Menkaure
 14906 | D:5      | Killed Grinder
 15856 | Lair:5   | Reached XP level 14. HP: 131/134 MP: 14/14
 16240 | Lair:5   | Reached skill level 10 in Shapeshifting
 16348 | Lair:5   | Identified 2 scrolls of acquirement
 16349 | Lair:5   | Acquired 804 gold pieces
 16351 | Lair:5   | Acquired the +10 dire flail "Ynkuvi" {spect, rElec rC+}
 16675 | Lair:5   | Found a staircase to the Slime Pits.
 16942 | D:11     | Noticed Grum
 16952 | D:11     | Killed Grum
 16979 | D:11     | Noticed Josephine
 16990 | D:11     | Killed Josephine
 17409 | D:11     | Noticed Snorg
 17422 | D:11     | Killed Snorg
 17474 | D:11     | Identified the +10 falchion "Loff" {protect, rF+ Int+3}
 18158 | D:12     | Noticed a tengu reaver
 18171 | D:12     | Killed a tengu reaver
 18699 | D:12     | Found a blossoming altar of Fedhas.
 18705 | D:12     | Found a staircase to the Orcish Mines.
 19177 | D:13     | Identified the +4 lajatang "Hiyf" {venom, Str+3}
 19193 | D:13     | Noticed a tengu reaver
 19297 | Orc:1    | Entered Level 1 of the Orcish Mines
 19633 | Orc:1    | Reached XP level 15. HP: 141/141 MP: 15/15
 20096 | Orc:1    | Found a radiant altar of Vehumet.
 20185 | Orc:2    | Entered Level 2 of the Orcish Mines
 20185 | Orc:2    | Noticed Urug
 20193 | Orc:2    | Killed Urug
 20425 | Orc:2    | Noticed Jorgrun
 20440 | Orc:2    | Killed Jorgrun
 20488 | Orc:2    | Found a staircase to the Elven Halls.
 20492 | Orc:2    | Found Onesa's Weapon Shoppe.
 21056 | Orc:2    | Reached skill level 15 in Shapeshifting
 21652 | Orc:2    | Found Ugym's Book Shoppe.
 21652 | Orc:2    | Found Erchaic's Armour Shoppe.
 21653 | Orc:2    | Found Taffy's Assorted Antiques.
 21653 | Orc:2    | Found Ikoodosi's Distillery.
 21663 | Orc:2    | Bought a potion of resistance for 170 gold pieces
 21663 | Orc:2    | Bought 2 potions of heal wounds for 170 gold pieces
 21663 | Orc:2    | Bought a potion of might for 68 gold pieces
 21973 | D:13     | Killed a tengu reaver
 22093 | D:13     | Identified the ring "Idauce Ecoha" {Ice Str+5}
 22196 | D:13     | Reached XP level 16. HP: 149/149 MP: 16/16
 22252 | D:13     | Identified the +9 shortbow "Goblin's Peril" {heavy, rC+
                  | Stlth+}
 23043 | D:14     | Found a gate to the Vaults.
 23051 | D:14     | Identified the +3 spear "Qodgh" {heavy, rElec}
 23254 | D:15     | Entered Level 15 of the Dungeon
 23348 | D:15     | Found a staircase to the Depths.
 23352 | D:15     | Reached XP level 17. HP: 156/156 MP: 17/17
 24421 | Swamp:1  | Entered Level 1 of the Swamp
 26614 | Swamp:4  | Entered Level 4 of the Swamp
 26982 | Swamp:4  | Noticed the 27-headed Lernaean hydra
 26985 | Swamp:4  | Killed the 27-headed Lernaean hydra
 26995 | Swamp:4  | Reached XP level 18. HP: 176/176 MP: 18/18
 27184 | Swamp:4  | Got a decaying rune of Zot
 27620 | Snake:1  | Entered Level 1 of the Snake Pit
 28296 | Orc:2    | Bought a wand of charming (7) for 453 gold pieces
 28296 | Orc:2    | Bought a scroll of blinking for 202 gold pieces
 28796 | Snake:1  | Noticed Louise
 28810 | Snake:1  | Killed Louise
 29913 | Snake:2  | Noticed Aizul
 29930 | Snake:1  | Killed Aizul
 30418 | Snake:2  | Noticed Donald
 30423 | Snake:2  | Killed Donald
 32305 | Snake:4  | Entered Level 4 of the Snake Pit
 32538 | Snake:3  | Reached XP level 19. HP: 189/189 MP: 19/19
 32657 | Snake:4  | Reached skill level 15 in Unarmed Combat
 33666 | Snake:4  | Found Wifokeih's Antique Armour Emporium.
 33668 | Snake:4  | Found Qopsuux's Armour Shoppe.
 33670 | Snake:4  | Found Oxeklu's Book Shop.
 33676 | Snake:4  | Found Otoarhih's Armour Shop.
 33676 | Snake:4  | Found Fogainki's Antique Armour Emporium.
 33695 | Snake:4  | Bought a runed cloak for 172 gold pieces
 34710 | Snake:4  | Got a serpentine rune of Zot
 35064 | Desolati | Identified the "Dusufox"
 35064 | Vaults:1 | Entered Level 1 of the Vaults
 35284 | Vaults:1 | Found a crumbling gateway.
 35291 | Desolati | Entered the Desolation of Salt
 35763 | Desolati | Identified the +11 mace "Wezuarphem" {pain, rC+ Dex+2}
 35840 | Desolati | Found the -2 hat of the Alchemist {rElec rPois rF+ rC+ rN+
                  | Will+ rMut rCorr}
 35908 | Desolati | Identified the ring "Koicsafu" {rElec rPois rF+ Dex-5}
 35969 | Desolati | Identified the +8 orcbow of the Sugar Beet {drain, rElec
                  | rC+++ Stlth-}
 35971 | Desolati | Identified the +8 morningstar of Raohalea {freeze, rF-
                  | Dex+3 SInv}
 36100 | Desolati | Found the +6 arbalest "Damnation" {damnation}
 36189 | Desolati | Identified the +1 plate armour of the Ferocious God
                  | {Regen+}
 36271 | Desolati | Identified the +1 great sword of Asasmosh {flame, rN+ Int-4
                  | Dex+3 Stlth+}
 36382 | Desolati | Reached XP level 20. HP: 198/198 MP: 20/20
 37649 | Vaults:1 | Found Micsebe's Book Shoppe.
 37665 | Vaults:1 | Bought a manual of Fighting for 1280 gold pieces
 38224 | Vaults:2 | Found a staircase to the Crypt.
 39690 | Vaults:3 | Identified the "Diet"
 39690 | Vaults:5 | Identified the of Teonelig
 39690 | Vaults:5 | Identified the "Rawk"
 39690 | Crypt:1  | Identified the "Kubreept"
 39690 | Crypt:3  | Identified the of Hepsunk
 39690 | Depths:3 | Identified the "Dofareapn"
 39690 | Depths:3 | Identified the of Amuid
 39690 | Elf:1    | Entered Level 1 of the Elven Halls
 41038 | Elf:2    | Reached XP level 21. HP: 214/214 MP: 15/21
 41096 | Elf:2    | Found a runed translucent gate.
 41097 | Elf:2    | Found a runed translucent gate.
 41097 | Elf:2    | Found a runed translucent gate.
 41446 | Elf:3    | Identified the "Noitzite"
 41446 | Elf:3    | Identified the of Baogouw
 41446 | Elf:3    | Identified the of Basch
 41446 | Elf:3    | Entered Level 3 of the Elven Halls
 41459 | Elf:3    | Found Aqesepp's Antique Weapon Shop.
 41863 | Elf:3    | Paralysed by an air elemental for 1 turns
 41915 | Elf:3    | Found a shimmering blue altar of Sif Muna.
 42345 | Elf:3    | Identified the +7 falchion of Mariager {vamp, Contam rN++
                  | Int+2 SInv}
 42345 | Elf:3    | Identified the amulet "Rauwom" {RegenMP rF++ rCorr}
 42395 | Elf:3    | Identified the +10 rapier of Taut {heavy, Str+5}
 42395 | Elf:3    | Identified the amulet of the Sky {Acrobat Slay+2}
 42547 | Elf:3    | Identified the +5 scale mail "Doumesar" {MP+9 SInv}
 42690 | Elf:3    | Identified the +11 orcbow "Calyje Mete" {heavy, Dex+4}
 42705 | Elf:3    | Identified the staff of Joyful Slaughter {rElec Int+3 Dex+4
                  | Air}
 42712 | Elf:3    | Identified the staff "Ejoiga" {rElec Will+ MP+9 Int+2
                  | Earth}
 42714 | Elf:3    | Identified the +0 sling of Pued {speed, *Slow rN++ Str+8
                  | Int-3}
 42980 | Elf:3    | Learned a level 3 spell: Ozocubu's Armour
 43037 | Elf:3    | Identified the +9 dagger of Ceij {heavy, *Noise rElec rCorr
                  | Str-5 Int+7}
 43048 | Elf:3    | Identified the +4 falchion "Ydohar" {flame, Int+2}
 43137 | Elf:3    | Found a portal to a secret trove of treasure.
 44410 | Vaults:3 | Identified the +3 broad axe of Ymet {flame, Int+4}
 44558 | Vaults:3 | Identified the +2 hand axe "Kaemm" {freeze, Will+}
 44613 | Vaults:3 | Reached skill level 1 in Spellcasting
 44613 | Vaults:3 | Reached skill level 1 in Ice Magic
 45020 | Vaults:3 | Reached skill level 5 in Ice Magic
 45173 | Vaults:3 | Found Arautoa's Antique Weapon Shop.
 45516 | Vaults:3 | Identified the ring "Usaqod" {Fly rPois rF+ Will+}
 45716 | Vaults:4 | Found a runed translucent door.
 45831 | Vaults:4 | Reached XP level 22. HP: 222/222 MP: 26/26
 46566 | Vaults:4 | Noticed Norris
 46582 | Vaults:4 | Killed Norris
 46886 | Depths:1 | Entered Level 1 of the Depths
 46899 | Depths:1 | Found a one-way gate to the infinite horrors of the Abyss.
 47020 | Depths:1 | Found a one-way gateway to a ziggurat.
 47020 | Depths:1 | Identified the +7 tower shield of Resourcefulness {Str+6}
 47401 | Depths:1 | Found a gateway to Hell.
 47746 | Depths:1 | Found a white marble altar of Elyvilon.
 48288 | Depths:2 | Noticed the Enchantress
 48299 | Depths:1 | Killed the Enchantress
 48806 | Depths:2 | Reached skill level 10 in Evocations
 49193 | Crypt:1  | Entered Level 1 of the Crypt
 49265 | Crypt:1  | Reached skill level 5 in Shields
 49435 | Crypt:1  | Noticed a royal mummy
 49442 | Crypt:1  | Found a transporter.
 49443 | Crypt:1  | Noticed Waukhla's ghost (veteran KoBr)
 49462 | Crypt:1  | Found a transporter.
 49600 | Crypt:1  | Found a runed door.
 50469 | Depths:2 | Reached XP level 23. HP: 217/229 MP: 27/27
 50547 | Depths:2 | Noticed Jory
 50579 | Depths:2 | Killed Jory
 50580 | Depths:2 | Reached skill level 10 in Shields
 50635 | Depths:2 | Found an ancient bone altar of Kikubaaqudgha.
 50637 | Depths:2 | Found the +5 robe of Misfortune {Harm *Corrode *Slow EV+5}
 50762 | Depths:2 | Found a one-way gate leading to the halls of Pandemonium.
 51337 | Depths:3 | Identified the +1 robe "Ceickef" {Will- Str+4 Archmagi}
 51338 | Depths:3 | Noticed a caustic shrike
 51338 | Depths:3 | Noticed a caustic shrike
 51339 | Depths:3 | Noticed a caustic shrike
 51340 | Depths:3 | Noticed a caustic shrike
 51344 | Depths:3 | Killed a caustic shrike
 51345 | Depths:3 | Killed a caustic shrike
 51350 | Depths:3 | Killed a caustic shrike
 51364 | Depths:3 | Killed a caustic shrike
 51374 | Depths:3 | Noticed a caustic shrike
 51587 | Depths:3 | Killed a caustic shrike
 51773 | Depths:3 | Noticed a juggernaut
 51786 | Depths:3 | Killed a juggernaut
 52013 | Depths:3 | Noticed a juggernaut
 52060 | Depths:3 | Noticed a caustic shrike
 52070 | Depths:3 | Killed a caustic shrike
 52222 | Depths:3 | Noticed a caustic shrike
 52233 | Depths:3 | Killed a caustic shrike
 52325 | Depths:3 | Noticed a juggernaut
 52337 | Depths:3 | Killed a juggernaut
 53518 | Depths:4 | Entered Level 4 of the Depths
 54167 | Depths:4 | Found Xoim's Armour Shop.
 54167 | Depths:4 | Found Xalu's Armour Boutique.
 54169 | Depths:4 | Found Cunul's Jewellery Boutique.
 54173 | Depths:4 | Found Jiopt's Assorted Antiques.
 54188 | Depths:4 | Bought a +1 pair of boots of rampaging for 280 gold pieces
 54236 | Depths:4 | Reached XP level 24. HP: 232/247 MP: 27/27
 54481 | Depths:4 | Reached skill level 27 in Fighting
 54694 | Depths:4 | Found a gate to the Realm of Zot.
 54895 | Depths:4 | Upgraded the game from 0.31-a0-949-g57150269e1 to
                  | 0.31-a0-960-g0fca184906
 55370 | Vaults:5 | Entered Level 5 of the Vaults
 55499 | Vaults:5 | Noticed Bai Suzhen
 55505 | Vaults:5 | Killed Bai Suzhen
 55901 | Vaults:5 | Noticed Boris
 55921 | Vaults:5 | Killed Boris
 56266 | Vaults:5 | Reached skill level 15 in Shields
 56299 | Vaults:5 | Noticed a dread lich
 56325 | Vaults:5 | Killed a dread lich
 57318 | Vaults:5 | Identified the +3 great sword "Daif" {venom, rN+ Dex+2
                  | Stlth+}
 57318 | Vaults:5 | Identified the ring of Zaun {rPois rF- rC+ rCorr}
 57350 | Vaults:5 | Identified the ring "Leibeoc" {Fly rC+ Will++ Str+4}
 57363 | Vaults:5 | Reached XP level 25. HP: 245/257 MP: 27/27
 57376 | Vaults:5 | Identified the ring of Balance {Str+4 Dex+6}
 57381 | Vaults:5 | Got a silver rune of Zot
 57407 | Vaults:5 | Identified the +1 quarterstaff of Ciusyon {protect, rElec
                  | rPois}
 57414 | Vaults:5 | Identified the staff "Ogoresa" {rElec rC- rN+ Earth}
 57415 | Vaults:5 | Identified the +0 halberd of Wodonig {pain, rElec rF+ rN+
                  | Dex+2}
 57529 | Vaults:5 | Identified the staff of the Sky {rF+ rN+ Necro}
 57897 | Vaults:5 | Found the +8 longbow "Zephyr" {speed, Dex+3 SInv}
 58318 | Zot:4    | Identified the of Joshumpi
 58318 | Slime:1  | Entered Level 1 of the Pits of Slime
 59073 | Slime:5  | Identified the "Loreul"
 59073 | Slime:5  | Entered Level 5 of the Pits of Slime
 59179 | Slime:5  | Found a viscous altar of Jiyva.
 59179 | Slime:5  | Noticed the Royal Jelly
 59214 | Slime:5  | Killed the Royal Jelly
 59477 | Slime:5  | Got a slimy rune of Zot
 59480 | Slime:5  | Identified the +0 plate armour "Xicw" {rC- Will+ rCorr
                  | Str+2}
 59518 | Slime:5  | Identified the +7 sling "Soll" {drain, *Corrode rPois rN+
                  | Int+6}
 59519 | Slime:5  | Identified the amulet "Dyezok" {RegenMP Harm}
 59606 | Slime:5  | Acquired a manual of Maces & Flails
 59608 | Slime:5  | Acquired a manual of Ice Magic
 59610 | Slime:5  | Acquired a +4 ring of protection
 59613 | Slime:5  | Acquired a +6 antimagic eveningstar
 59614 | Slime:5  | Acquired 1145 gold pieces
 59667 | Slime:5  | Identified the dragon-blood talisman "Ijamiux" {rElec rN+
                  | Will++ Int+3 Dex-2}
 61180 | Crypt:2  | Identified the +8 long sword of Ykohuc {flame, Str+8 Dex-5}
 62153 | Crypt:3  | Entered Level 3 of the Crypt
 62309 | Crypt:3  | Found a basalt altar of Yredelemnul.
 62544 | Crypt:3  | Reached skill level 10 in Ice Magic
 62715 | Crypt:3  | Found a staircase to the Tomb.
 62861 | Crypt:3  | Identified the amulet of Siyd {Contam Drain rN+++ Regen+
                  | Str+3}
 62978 | Crypt:3  | Reached XP level 26. HP: 204/266 MP: 27/27
 63089 | Crypt:3  | Identified the ring of the Ancient Heavens {rN+ Int+3
                  | Dex+5}
 63228 | Crypt:3  | Found a basalt altar of Yredelemnul.
 63231 | Crypt:3  | Found an ancient bone altar of Kikubaaqudgha.
 63289 | Crypt:3  | Identified the ring of Umuet {rN+ Int+4}
 63325 | Crypt:3  | Identified the staff "Hellblazer" {rElec rF- Str+3 Stlth+
                  | Conj}
 63558 | Depths:1 | Voluntarily entered the Abyss.
 63558 | Abyss:1  | Found a corrupted altar of Lugonu.
 63560 | Abyss:1  | Found a corrupted altar of Lugonu.
 63996 | Abyss:3  | Learned a level 1 spell: Apportation
 64000 | Abyss:3  | Got an abyssal rune of Zot
 64014 | Abyss:3  | Reached skill level 1 in Translocations
 64124 | Depths:1 | Escaped the Abyss
 64136 | Hell     | Entered the Vestibule of Hell
 64136 | Hell     | Noticed Geryon
 64153 | Hell     | Killed Geryon
 64290 | Hell     | Reached skill level 5 in Translocations
 64335 | Hell     | Noticed Murray
 64346 | Depths:1 | Killed Murray
 65017 | Hell     | Found a gateway to the freezing wastes of Cocytus.
 65103 | Hell     | Found a gateway to the decaying netherworld of Tartarus.
 65200 | Hell     | Found a gateway to the ashen valley of Gehenna.
 65268 | Hell     | Found a gateway to the Iron City of Dis.
 65420 | Zot:1    | Entered Level 1 of the Realm of Zot
 66201 | Zot:1    | Reached skill level 15 in Evocations
 66905 | Zot:2    | Reached XP level 27. HP: 231/271 MP: 27/27
 69028 | Zot:4    | Learned a level 5 spell: Freezing Cloud
 69056 | Zot:4    | Reached skill level 1 in Air Magic
 69110 | Zot:4    | Reached skill level 1 in Conjurations
 69864 | Zot:4    | Reached skill level 5 in Spellcasting
 69864 | Zot:4    | Reached skill level 5 in Air Magic
 70241 | Zot:5    | Entered Level 5 of the Realm of Zot
 70779 | Zot:5    | Noticed an orb of fire
 71007 | Zot:5    | Killed an orb of fire
 71008 | Zot:5    | Reached skill level 10 in Air Magic
 71314 | Zot:5    | Noticed an orb of fire
 71333 | Zot:5    | Killed an orb of fire
 71898 | Tar:7    | Identified the "Perumoh"
 71898 | Coc:7    | Identified the "Voconn"
 71898 | Coc:7    | Identified the "Hofuips"
 71898 | Pan      | Entered Pandemonium
 72576 | Pan      | Noticed Capposs the pandemonium lord
 72607 | Pan      | Killed Capposs the pandemonium lord
 72732 | Pan      | Found an exit through the horrors of the Abyss.
 73485 | Pan      | Noticed Ulifaze the pandemonium lord
 73501 | Pan      | Paralysed by you for 2 turns
 73510 | Pan      | Killed Ulifaze the pandemonium lord
 73695 | Pan      | Entered the realm of Mnoleg.
 73815 | Pan      | Reached skill level 27 in Unarmed Combat
 73842 | Pan      | Noticed Mnoleg
 73885 | Pan      | Killed Mnoleg
 73936 | Pan      | Got a glowing rune of Zot
 74183 | Pan      | Entered the realm of Gloorx Vloq.
 74984 | Pan      | Noticed Gloorx Vloq
 75025 | Pan      | Killed Gloorx Vloq
 75081 | Pan      | Got a dark rune of Zot
 75396 | Pan      | Noticed Weiboyrph the pandemonium lord
 75414 | Pan      | Killed Weiboyrph the pandemonium lord
 75642 | Pan      | Entered the realm of Lom Lobon.
 75679 | Pan      | Noticed Mennas
 75688 | Pan      | Killed Mennas
 76195 | Pan      | Noticed Lom Lobon
 76224 | Pan      | Killed Lom Lobon
 76255 | Pan      | Got a magical rune of Zot
 76456 | Pan      | Found an exit through the horrors of the Abyss.
 76491 | Pan      | Noticed Leany the pandemonium lord
 76508 | Pan      | Killed Leany the pandemonium lord
 76772 | Pan      | Identified the maw talisman "Worr" {rN+}
 76975 | Pan      | Noticed Syjegom the pandemonium lord
 77073 | Pan      | Found a transporter.
 77094 | Pan      | Found a transporter.
 77726 | Pan      | Noticed Loum the pandemonium lord
 77751 | Pan      | Killed Loum the pandemonium lord
 77981 | Pan      | Identified the of Gumnochu
 77981 | Pan      | Identified the "Atelasauq"
 77981 | Pan      | Identified the "Buxan"
 77981 | Pan      | Identified the of Soru
 77981 | Pan      | Entered the realm of Cerebov.
 78093 | Pan      | Identified the ring of the Morning {EV+5 Int+2}
 78244 | Pan      | Identified the storm talisman of the Big Bang {rF+ rN+
                  | SInv}
 78250 | Pan      | Identified the +0 leather armour of Xom, Writhing {rF+ rC+
                  | Str+3}
 78284 | Pan      | Found the +6 sword of Cerebov {flame}
 78284 | Pan      | Noticed Cerebov
 78331 | Pan      | Killed Cerebov
 78469 | Pan      | Got a fiery rune of Zot
 78472 | Pan      | Identified the storm talisman of Dishonour {rN+}
 79068 | Pan      | Noticed Koeqel the pandemonium lord
 79081 | Pan      | Killed Koeqel the pandemonium lord
 79683 | Pan      | Noticed Gongua the pandemonium lord
 79699 | Abyss:5  | Cast into level 5 of the Abyss (Gongua)
 79771 | Pan      | Escaped the Abyss
 79778 | Pan      | Killed Gongua the pandemonium lord
 80108 | Pan      | Found an exit through the horrors of the Abyss.
 80552 | Pan      | Noticed Agesy the pandemonium lord
 80556 | Pan      | Reached skill level 27 in Shields
 80567 | Pan      | Killed Agesy the pandemonium lord
 80627 | Pan      | Noticed Pyoqulac the pandemonium lord
 80643 | Pan      | Killed Pyoqulac the pandemonium lord
 80993 | Pan      | Found an exit through the horrors of the Abyss.
 81031 | Pan      | Identified the +4 short sword of Enell {pain, Str+3}
 81304 | Pan      | Reached skill level 15 in Ice Magic
 81320 | Pan      | Noticed Afotzaupn the pandemonium lord
 81580 | Pan      | Noticed Qallebit the pandemonium lord
 81751 | Pan      | Killed Qallebit the pandemonium lord
 82113 | Pan      | Found an exit through the horrors of the Abyss.
 82266 | Pan      | Identified the +2 cloak "Doczeu" {rC+}
 82382 | Pan      | Noticed Vofu the pandemonium lord
 82421 | Pan      | Killed Vofu the pandemonium lord
 82547 | Pan      | Got a demonic rune of Zot
 82821 | Depths:2 | Escaped Pandemonium
 82897 | Coc:1    | Entered Level 1 of Cocytus
 83024 | Coc:1    | Paralysed by a wendigo for 1 turns
 83300 | Coc:4    | Paralysed by a wendigo for 1 turns
 83605 | Coc:5    | Paralysed by a wendigo for 1 turns
 83617 | Coc:5    | Paralysed by a wendigo for 1 turns
 83858 | Coc:7    | Entered Level 7 of Cocytus
 83872 | Coc:7    | Paralysed by a wendigo for 1 turns
 84631 | Coc:7    | Paralysed by a wendigo for 1 turns
 84642 | Coc:7    | Paralysed by a wendigo for 1 turns
 84832 | Coc:7    | Paralysed by a wendigo for 1 turns
 85013 | Coc:7    | Noticed Antaeus
 85066 | Coc:7    | Killed Antaeus
 85222 | Coc:7    | Got an icy rune of Zot
 85311 | Coc:7    | Identified the +4 quarterstaff of Gozag {pain, Dex+3}
 85792 | Geh:1    | Entered Level 1 of Gehenna
 86825 | Geh:4    | Noticed an ancient lich
 86830 | Geh:4    | Killed an ancient lich
 87865 | Geh:7    | Entered Level 7 of Gehenna
 88008 | Geh:7    | Noticed the Serpent of Hell
 88025 | Geh:7    | Killed the Serpent of Hell
 88165 | Geh:7    | HP: 13/273 [hellephant/blast of flame (27)]
 88698 | Geh:7    | Found the +13 sceptre of Asmodeus
 88698 | Geh:7    | Noticed Asmodeus
 88720 | Geh:7    | Killed Asmodeus
 88871 | Geh:7    | Got an obsidian rune of Zot
 89350 | Hell     | Acquired 471 gold pieces
 89406 | Tar:1    | Entered Level 1 of Tartarus
 89886 | Tar:2    | Reached skill level 27 in Evocations
 89891 | Tar:2    | Learned a level 4 spell: Vhi's Electric Charge
 90331 | Tar:4    | Reached skill level 15 in Air Magic
 91333 | Tar:7    | Entered Level 7 of Tartarus
 91418 | Tar:7    | Learned a level 5 spell: Silence
 91448 | Tar:7    | Reached skill level 1 in Hexes
 91673 | Tar:7    | Reached skill level 5 in Hexes
 91769 | Tar:7    | Identified the scarf of Green Knowledge {repulsion, Will+
                  | Int+4 SInv}
 91999 | Tar:7    | Reached skill level 10 in Hexes
 92042 | Tar:7    | Noticed a dread lich
 92049 | Tar:7    | Killed a dread lich
 92201 | Tar:7    | Reached skill level 10 in Spellcasting
 92225 | Tar:7    | Found the +5 Lochaber axe {reach-cleave, Poleaxe Drain}
 92292 | Tar:7    | Noticed a dread lich
 92292 | Tar:7    | Noticed a dread lich
 92298 | Tar:7    | Paralysed by a dread lich for 5 turns
 92308 | Tar:7    | Killed a dread lich
 92311 | Tar:7    | Paralysed by a dread lich for 5 turns
 92321 | Tar:7    | Killed a dread lich
 92420 | Tar:7    | Identified the +2 lajatang "Puofoc" {flame, Int+5}
 92437 | Tar:7    | Noticed an ancient lich
 92443 | Tar:7    | Killed an ancient lich
 92517 | Tar:7    | Identified the +7 falchion of Honour {venom, Dex+4}
 92518 | Tar:7    | Identified the +1 buckler of Yschaopyi {Str+2}
 92675 | Tar:7    | Noticed Ereshkigal
 92706 | Tar:7    | Killed Ereshkigal
 92742 | Tar:7    | Got a bone rune of Zot
 92928 | Tar:7    | Identified the +5 battleaxe of Joddeat {heavy, Int+4}
 93218 | Dis:1    | Entered Level 1 of the Iron City of Dis
 93345 | Dis:1    | Learned a level 8 spell: Maxwell's Capacitive Coupling
 93569 | Dis:1    | You are sucked into a shaft and drop 1 floor!
 95022 | Dis:7    | Entered Level 7 of the Iron City of Dis
 95894 | Dis:7    | Noticed a juggernaut
 95899 | Dis:7    | Killed a juggernaut
 95925 | Dis:7    | Identified the ring "Zusaxkoq" {rElec rC- MP+9 Str-2 Dex+8}
 96060 | Dis:7    | Reached skill level 15 in Spellcasting
 97293 | Dis:7    | Reached skill level 5 in Conjurations
 97302 | Dis:7    | Noticed a juggernaut
 97307 | Dis:7    | Killed a juggernaut
 97395 | Dis:7    | Identified the ring of Seanluryl {Int+6 Dex+2}
 97395 | Dis:7    | Noticed Dispater
 97399 | Dis:7    | Killed Dispater
 97438 | Dis:7    | Got an iron rune of Zot
 97440 | Dis:7    | Identified the staff of Gravity {rPois rF+ Str+3 SInv Fire}
 98284 | Zot:5    | Noticed an orb of fire
 98303 | Zot:5    | Killed an orb of fire
 98314 | Zot:5    | Noticed an orb of fire
 98335 | Zot:5    | Noticed an orb of fire
 98337 | Zot:5    | Killed an orb of fire
 98338 | Zot:5    | Reached skill level 10 in Conjurations
 98347 | Zot:5    | Killed an orb of fire
 99080 | Tomb:1   | Entered Level 1 of the Tomb of the Ancients
 99098 | Tomb:1   | Noticed a royal mummy
 99098 | Tomb:1   | Noticed a royal mummy
 99098 | Tomb:1   | Noticed a royal mummy
 99455 | Tomb:1   | Noticed a royal mummy
 99457 | Tomb:1   | Noticed a royal mummy
 99479 | Tomb:1   | Noticed a royal mummy
 99481 | Tomb:1   | Killed a royal mummy
 99482 | Tomb:1   | Killed a royal mummy
 99493 | Tomb:1   | Killed a royal mummy
 99951 | Tomb:1   | Noticed a royal mummy
 99960 | Tomb:1   | Killed a royal mummy
 99963 | Tomb:1   | Noticed a royal mummy
 99975 | Tomb:1   | Killed a royal mummy
 99986 | Tomb:1   | Noticed a royal mummy
 99992 | Tomb:1   | Noticed a royal mummy
 99993 | Tomb:1   | Killed a royal mummy
 99999 | Tomb:1   | Killed a royal mummy
100030 | Tomb:1   | Noticed a royal mummy
100038 | Tomb:1   | Killed a royal mummy
100051 | Tomb:1   | Killed a royal mummy
100064 | Tomb:1   | Noticed a royal mummy
100066 | Tomb:1   | Killed a royal mummy
100072 | Tomb:1   | Killed a royal mummy
100082 | Tomb:1   | Noticed a royal mummy
100088 | Tomb:1   | Killed a royal mummy
100097 | Tomb:1   | Killed a royal mummy
100157 | Tomb:1   | Noticed a royal mummy
100161 | Tomb:1   | Noticed a royal mummy
100168 | Tomb:1   | Killed a royal mummy
100179 | Tomb:1   | Killed a royal mummy
100200 | Tomb:1   | Noticed a royal mummy
100209 | Tomb:1   | Killed a royal mummy
100269 | Tomb:1   | Noticed a royal mummy
100287 | Tomb:1   | Killed a royal mummy
100292 | Tomb:1   | Noticed a royal mummy
100305 | Tomb:1   | Killed a royal mummy
100746 | Tomb:3   | Entered Level 3 of the Tomb of the Ancients
100770 | Tomb:3   | Noticed a royal mummy
100779 | Tomb:3   | Noticed a royal mummy
100781 | Tomb:3   | Noticed Boris
100795 | Tomb:3   | Killed Boris
100832 | Tomb:3   | Noticed a royal mummy
100843 | Tomb:3   | Killed a royal mummy
100859 | Tomb:3   | Killed a royal mummy
100881 | Tomb:3   | Killed a royal mummy
100883 | Tomb:3   | Noticed a royal mummy
100901 | Tomb:3   | Killed a royal mummy
100907 | Tomb:3   | Noticed a royal mummy
100910 | Tomb:3   | Reached skill level 15 in Conjurations
100915 | Tomb:3   | Killed a royal mummy
101084 | Tomb:3   | Identified the staff of Pyusapin {Fragile rElec rPois rC+
                  | Str+4 Poison}
101273 | Tomb:3   | Noticed a royal mummy
101289 | Tomb:3   | Killed a royal mummy
101292 | Tomb:3   | Noticed a royal mummy
101293 | Tomb:3   | Noticed a royal mummy
101302 | Tomb:3   | Noticed a royal mummy
101310 | Tomb:3   | Killed a royal mummy
101317 | Tomb:3   | Killed a royal mummy
101319 | Tomb:3   | Killed a royal mummy
101398 | Tomb:3   | Got a golden rune of Zot
101451 | Tomb:3   | Found the +11 Singing Sword {sonic wave}
101454 | Tomb:3   | Found the +8 Wrath of Trog {antimagic, *Rage Rampage}
101458 | Tomb:3   | Found the +8 demon trident "Rift" {distort, reach+}
101462 | Tomb:3   | Identified the +5 spear of the Candle {heavy, rCorr Str+3}
101469 | Tomb:3   | Identified the +1 sling of Cioliugh {drain, rElec Will+
                  | Int+4 Dex-5}
101470 | Tomb:3   | Identified the ring of Qazlal, Fortifying {Fire rCorr Str-3
                  | Int+5 Dex+2}
101484 | Tomb:3   | Identified the staff of Reinforcement {Drain Fly rElec
                  | rCorr Str+7 Air}
101508 | Tomb:3   | Identified the +9 halberd of Wariness {drain, rPois rC-
                  | rN+}
101537 | Tomb:3   | Identified the +2 spear of the Final Decision {spect, Will+
                  | Str+3 Int-4}
102248 | Zot:5    | Got the Orb of Zot
102421 | Zot:2    | Noticed Teocseon the pandemonium lord
102431 | Zot:2    | Killed Teocseon the pandemonium lord
102999 | D:$      | Escaped with the Orb!

Illustrated notes

Levels and vault maps discovered:
D:1:      saegor_arrival_miasma, layout_basic, serial_forest,
          infiniplex_forest_lined_3, infiniplex_forest_corner_1,
          infiniplex_forest_fountain, infiniplex_forest_end_2,
          infiniplex_forest_clump_curved, infiniplex_forest_straight_4,
          minmay_pentomino_w4
D:2:      layout_loops_cross, hellmonk_ecumenical_altar_blasted, basic_altar
D:3:      layout_loops_ring, lemuel_coloured_pillars_altar, tgw_xom,
          lemuel_crystal_altar, lemuel_round_altar,
          mainiacjoe_overflow_alcove_4, serial_forest,
          infiniplex_forest_clump_tiny, infiniplex_forest_lined_room_2,
          infiniplex_forest_end_1, infiniplex_forest_3_way,
          infiniplex_forest_zigzag_2, infiniplex_forest_clump_long,
          infiniplex_forest_clump_small
D:4:      layout_loops_ring, zin_purify, lemuel_doored_altar, ashenzari_altar_1,
          minmay_temple_entry_fiery
D:5:      layout_basic, kennysheep_mini_moat, makhleb_blood_cavern_becter,
          kennysheep_generic_room_15, uniq_menkaure, uniq_grinder
D:6:      layout_loops_ring, uniq_pikel
D:7:      layout_rooms, minmay_manual_mail
D:8:      layout_rooms, kennysheep_mini, nicolae_vehumet_altar_sigil,
          mainiacjoe_overflow_surrounded_room, minmay_ruffians, uniq_maurice
D:9:      minmay_polygon_palace, layout_irregular_city, grunt_dithmenos_smoke,
          mainiacjoe_overflow_paths, serial_column_ruins,
          column_ruins_hut_ruined, column_ruins_corridor_corner,
          column_ruins_open_tiny, column_ruins_grid_2, column_ruins_grid_3,
          column_ruins_open_small, column_ruins_grid_1, column_ruins_open_small,
          uniq_prince_ribbit1
D:10:     layout_stronghold, hellmonk_lair_entry_icy, uniq_nergalle, uniq_erica
D:11:     layout_irregular_city, uniq_grum, uniq_snorg, uniq_josephine
D:12:     kennysheep_green_arena, layout_loops_ring, orc_0_dummy, fedhas_altar_2
D:13:     layout_cave_pools, nicolae_rejected_hall
D:14:     layout_cave_pools, david_vaults_4, chequers_serial_rivers_micro_c
D:15:     grunt_enter_depths_hoard, layout_irregular_city,
          serial_co_window_serial, co_window_corner_a,
          co_window_of_opportunity_a, co_window_paths_a, co_window_paths_b,
          co_window_of_opportunity_a, co_window_cross_1,
          co_window_of_opportunity_a, co_window_cross_1, co_window_paths_a,
          co_window_corner_cb, co_window_unsneaky_path_a, co_window_corner_ca,
          co_window_broadway_c, co_window_broadway_c, co_window_broadway_a,
          co_window_4corner_b, glass_columns_c
Lair:1:   layout_gridlike, minmay_shattered_shrine, infiniplex_staircase_pool_2,
          serial_bayou_shore_a
Lair:2:   beast_lair_carwin_large_1, layout_chaotic_city, swamp_mist
Lair:3:   layout_regular_city, minmay_snake_entry_spellcaster,
          dreamdust_mushroom_princess
Lair:4:   layout_cave_pods, gauntlet_entry_generic, lemuel_fruit_tree,
          serial_bayou_shore_b, grunt_megastairs_2
Lair:5:   minmay_lair_end_enchanted_forest, layout_cellular_growth,
          dpeg_slime_entry_enclosed
Swamp:1:  layout_basic_swamp, nicolae_swamp_tree_designs
Swamp:2:  layout_basic_swamp, evilmike_swamp_ruin_house_2, swamp_pool5,
          nicolae_swamp_catching_bugs
Swamp:3:  layout_basic_swamp, evilmike_swamp_ruin_house_3
Swamp:4:  swamp_old_school, layout_basic_swamp, swamp_pool1
Snake:1:  layout_chambers, uniq_louise
Snake:2:  layout_onion, serial_bayou_shore_b, grunt_megastairs_1,
          serial_bayou_shore_b, uniq_donald, uniq_aizul
Snake:3:  layout_rooms, nicolae_snake_herptile_family_reunion
Snake:4:  grunt_snake_rune_spirals, layout_onion, nicolae_wooded_promenade
Slime:1:  layout_caves
Slime:2:  layout_caves, cheibrodos_slime_lost_civilization_6
Slime:3:  layout_caves, nicolae_slime_crime_time
Slime:4:  layout_caves
Slime:5:  slime_pit_nicolae_block_by_block
Orc:1:    cheibrodos_orc_arena, layout_caves, basic_altar,
          david_defended_altar_orc
Orc:2:    st_orc_pillars, layout_diamond_mine, serial_shops,
          nicolae_shop_tiny_glass, uniq_urug, uniq_jorgrun
Elf:1:    nicolae_elf_arrival_no_cutting_in_line, layout_gridlike,
          hangedman_elf_represent, minivault_27
Elf:2:    nicolae_elf_blades_crystal_corner, layout_onion_city, uniq_asterion
Elf:3:    elf_hall_gauntlet_wide, layout_geoelf_grid, basic_altar, serial_shops,
          nicolae_shop_dealshenge, enter_trove_1
Vaults:1: portal_desolation_entry_nicolae_slug, vaults_room_semicircle,
          nicolae_vaults_spaceships, hangedman_vaults_unwind,
          nicolae_vaults_know_your_exits, vaults_room_semicircle,
          ontoclasm_vaults_ring_square, vaults_mumra_hex, nicolae_vaults_two_Ls,
          nicolae_vaults_theta, layout_vaults_omnigrid, serial_shops, shop
Vaults:2: nicolae_vaults_bisected_slash, nicolae_vaults_network_star, v_misc_11,
          v_misc_11, minmay_crypt_entry_simple_sparse,
          nicolae_vaults_little_squares_3, nicolae_vaults_trapezoid_lopsided_2,
          nicolae_vaults_yaktaur_gun_rack, ontoclasm_vaults_eye, serial_ice_h,
          vaults_dpeg_hooks, layout_vaults_chaotic_city
Vaults:3: v_pattern_5, ontoclasm_vaults_idyll, ontoclasm_vaults_pinch,
          nicolae_vaults_network_s, ontoclasm_vaults_chip,
          hangedman_vaults_locks, v_misc_18, nicolae_vaults_six-pack,
          v_alt_pattern_1, ontoclasm_vaults_gateway,
          nicolae_vaults_offset_grid_hallway_4, nicolae_vaults_enemy_cabinets,
          nicolae_vaults_house_3, layout_vaults_big_cross, serial_shops,
          nicolae_shop_pleasant_corner_grove
Vaults:4: nicolae_vaults_back_hallway, nicolae_vaults_double_plus_1,
          vaults_dpeg_doors, nicolae_vaults_more_shelving_1, v_misc_5,
          nicolae_vaults_tetromino_Z_1, vaults_standard_mumra_x,
          nicolae_vaults_octothorpe, nicolae_vaults_tetromino_L_2,
          hangedman_vaults_slice, nicolae_vaults_oozy_zoo, nicolae_vaults_prndl,
          v_misc_10, v_misc_3, layout_vaults_ring, uniq_norris
Vaults:5: serial_shops, uniq_boris, uniq_bai_suzhen
Crypt:1:  evilmike_wizard_prison, layout_chaotic_city, nzn_ghost_randoct
Crypt:2:  layout_basic, uniq_grunn
Crypt:3:  lightli_unholy_cathedral, layout_chaotic_city,
          tomb_entry_simple_bobbens, hangedman_blasphemy
Tomb:1
Tomb:2
Tomb:3
Depths:1: layout_roguey, enter_ziggurat_c, elyvilon_altar_4, grunt_hell_horde,
          abyss_entry, minmay_orc_keep, grunt_megastairs_5, serial_bayou_shore_b
Depths:2: lemuel_vampire_tower, layout_gridville, serial_bayou_pond_b,
          abyss_entry_glasseish, grunt_hell_entry_dis_grunt, pan_entry,
          nicolae_tricolors, minmay_staircase_statues, uniq_enchantress
Depths:3: box_level_dp, hell_entry, abyss_entry
Depths:4: evilmike_zot_entry_round, layout_cave_pools, hell_entry,
          minmay_shoptagon
Hell
Dis:1:    layout_subdivisions
Dis:2:    layout_gridville
Dis:3:    layout_jigsaw
Dis:4:    layout_subdivisions, hangedman_dis_chains
Dis:5:    layout_subdivisions, nicolae_dis_bowling_alley
Dis:6:    hangedman_dis_decor_blocks_talon, layout_regular_city
Dis:7:    dis_st
Geh:1:    layout_gehenna_lava_caves
Geh:2:    layout_gehenna_lava_caves
Geh:3:    layout_gehenna_pools_box
Geh:4:    layout_gehenna_lava_caves
Geh:5:    layout_gehenna_pools_box
Geh:6:    layout_gehenna_pools_box
Geh:7:    geh_hangedman
Coc:1:    layout_cocytus_delve, nicolae_hells_hurtin_island
Coc:2:    layout_cocytus_delve
Coc:3:    layout_ice_bergs
Coc:4:    layout_cocytus_water_paths
Coc:5:    layout_ice_bergs
Coc:6:    layout_cocytus_water_paths
Coc:7:    coc_grunt_cove [coc_grunt_cove_antaeus, coc_grunt_cove_fiend,
          coc_grunt_cove_fiend, coc_grunt_cove_fiend, coc_grunt_cove_fiend]
Tar:1:    layout_cathedral_of_symmetry, nicolae_tar_cuneiform_city,
          nicolae_tar_cuneiform_heaven, nicolae_tar_four_comb_rooms
Tar:2:    layout_honeycomb
Tar:3:    layout_catacombs
Tar:4:    layout_honeycomb, nicolae_tar_stay_or_leave
Tar:5:    layout_grid_maze
Tar:6:    layout_honeycomb
Tar:7:    tar_grunt_cathedral
Zot:1:    layout_gridlike, nicolae_lava_and_water, guppyfry_library_mini
Zot:2:    kennysheep_six_static_rooms, layout_misc_corridors,
          lemuel_baited_zot_trap, st_stairs_6
Zot:3:    layout_onion_interference, grunt_ministairs_15, hellmonk_zot_clocked,
          grunt_megastairs_4
Zot:4:    nicolae_zot_stationary_front, layout_cellular_growth,
          hangedman_zot_wheel_spokes
Zot:5:    layout_basic

Skill      XL: |  1  2  3  4  5  6  7  8  9 10 11 12 13 14 15 16 17 18 19 20 21 22 23 24 25 26 27 |
---------------+----------------------------------------------------------------------------------+-----
Maces & Flails | 3 4 6 8 9 11 12 | 12.0
Dodging        | 0 |  0.0
Fighting       | 4 6 8 10 12 15 19 21 24 26 27 | 27.0
Evocations     | 6 10 15 27 | 27.0
Shields        | 3 9 14 17 19 27 | 27.0
Throwing       | 3 6 |  6.0
Unarmed Combat | 9 10 12 13 14 16 18 20 22 25 27 | 27.0
Shapeshifting  | 9 14 16 18 20 22 23 26 | 26.3
Spellcasting   | 3 18 | 18.0
Ice Magic      | 7 11 16 | 16.0
Translocations | 5 |  5.0
Air Magic      | 25 | 25.3
Conjurations   | 17 | 17.0
Hexes          | 10 | 10.0
Stealth        | |  4.5

Action                     |  1- 3 |  4- 6 |  7- 9 | 10-12 | 13-15 | 16-18 | 19-21 | 22-24 | 25-27 || total
---------------------------+-------+-------+-------+-------+-------+-------+-------+-------+-------++-------
  Melee: Mace              |   103 |       |       |       |       |       |       |       |       ||   103
         Tailslap          |    17 |    14 |    44 |   140 |   226 |   110 |   190 |   417 |  1737 ||  2895
         Whip              |    41 |   135 |   303 |   821 |   641 |       |       |       |       ||  1941
         Punch             |       |     1 |     3 |     4 |    28 |    66 |   110 |    45 |    89 ||   346
         Bite              |       |       |       |    91 |   175 |    79 |   126 |   323 |  1327 ||  2121
         Dire flail        |       |       |       |       |   209 |     9 |       |       |       ||   218
         Unarmed           |       |       |       |       |   386 |   724 |  1059 |  1835 |  7867 || 11871
  Throw: Dart              |       |       |     2 |    40 |     5 |       |       |       |       ||    47
   Cast: Ozocubu's Armour  |       |       |       |       |       |       |     2 |     7 |    22 ||    31
         Apportation       |       |       |       |       |       |       |       |       |     4 ||     4
         Freezing Cloud    |       |       |       |       |       |       |       |       |    32 ||    32
         Maxwell's Capacit |       |       |       |       |       |       |       |       |    14 ||    14
         Vhi's Electric Ch |       |       |       |       |       |       |       |       |     4 ||     4
         Silence           |       |       |       |       |       |       |       |       |     1 ||     1
 Invoke: Sacrifice Nimblen |     1 |       |       |       |       |       |       |       |       ||     1
         Sacrifice Arcana  |       |       |     1 |       |       |       |       |       |       ||     1
         Sacrifice Resista |       |       |     1 |       |       |       |       |       |       ||     1
         Apocalypse        |       |       |       |     3 |     4 |     6 |     4 |     5 |    28 ||    50
         Power Leap        |       |       |       |     4 |    12 |     3 |    10 |     2 |     6 ||    37
         Sacrifice Drink   |       |       |       |     1 |       |       |       |       |       ||     1
         Draw Out Power    |       |       |       |       |       |       |       |     2 |       ||     2
Ability: Breathe Dispellin |       |       |     7 |     9 |    21 |    18 |    12 |     2 |     1 ||    70
         Siphon Essence    |       |       |       |       |       |       |       |     6 |     3 ||     9
         Blinkbolt         |       |       |       |       |       |       |       |       |    14 ||    14
  Evoke: Wand              |       |       |       |     3 |       |     6 |       |     6 |    21 ||    36
         Phantom mirror    |       |       |       |       |       |     1 |       |       |       ||     1
         Lightning rod     |       |       |       |       |       |       |       |     5 |     5 ||    10
         Box of beasts     |       |       |       |       |       |       |       |     1 |     5 ||     6
         Horn of Geryon    |       |       |       |       |       |       |       |       |     2 ||     2
    Use: Scroll            |     7 |     3 |     5 |     9 |     9 |       |     3 |     8 |    25 ||    69
         Potion            |     2 |       |       |     2 |     2 |     2 |     1 |     6 |    12 ||    27
   Stab: Sleeping          |     8 |     2 |     5 |     4 |     5 |     9 |     8 |     2 |    22 ||    65
         Distracted        |       |     1 |     1 |     5 |    18 |     7 |     8 |     9 |    63 ||   112
         Invisible         |       |       |     1 |     8 |     8 |     7 |    14 |    18 |    39 ||    95
         Paralysed         |       |       |       |    18 |    17 |    12 |    21 |    18 |    64 ||   150
         Confused          |       |       |       |       |       |       |       |       |     1 ||     1
 Armour: Skin              |    63 |    67 |   144 |   400 |   706 |   684 |   890 |  1082 |  2481 ||  6517
  Dodge: Dodged            |    93 |    55 |    87 |   222 |   274 |   160 |   190 |   308 |   879 ||  2268
  Block: Buckler           |       |       |       |    66 |       |       |       |       |       ||    66
         Kite shield       |       |       |       |    26 |   190 |       |       |   497 |       ||   713
         Tower shield      |       |       |       |       |       |       |       |    68 |  4627 ||  4695
         Form:             |       |       |       |       |     1 |       |     1 |     1 |     3 ||     6
         Blade             |       |       |       |       |     1 |       |       |       |       ||     1
         Dragon            |       |       |       |       |     1 |       |     2 |     1 |     3 ||     7
         Death             |       |       |       |       |       |       |     1 |     3 |     6 ||    10
         Storm             |       |       |       |       |       |       |       |       |     1 ||     1

Table legend: (Time is in decaauts)
 A = Elapsed time spent in this place.
 B = Non-inter-level travel time spent in this place.
 C = Inter-level travel time spent in this place.
 D = Time resting spent in this place.
 E = Time spent auto-exploring this place.
 F = Levels seen in this place.
 G = Mean time per level.
                   A        B        C        D        E       F      G
               +--------+--------+--------+--------+--------+-----+--------+
         Total |  98096 |  86893 |  11203 |  19627 |  37145 | 117 |  838.4 |
       Dungeon |  16776 |  13713 |   3063 |   1863 |   8172 |  15 | 1118.4 |
          Lair |   7478 |   6324 |   1154 |   1323 |   3211 |   5 | 1495.6 |
         Swamp |   3071 |   2728 |    343 |    600 |   1491 |   4 |  767.8 |
     Snake Pit |   6508 |   6177 |    331 |   2004 |   2567 |   4 | 1627.0 |
    Slime Pits |   2221 |   2084 |    137 |    339 |    996 |   5 |  444.2 |
  Orcish Mines |   2550 |   2123 |    427 |    423 |    955 |   2 | 1275.0 |
   Elven Halls |   3562 |   3373 |    189 |    666 |   1820 |   3 | 1187.3 |
        Vaults |   9057 |   7739 |   1318 |   1789 |   3531 |   5 | 1811.4 |
         Crypt |   3156 |   2913 |    243 |    364 |   1421 |   3 | 1052.0 |
          Tomb |   2575 |   2246 |    329 |    472 |    860 |   3 |  858.3 |
        Depths |   8228 |   6554 |   1674 |   2111 |   2355 |   4 | 2057.0 |
          Hell |    684 |    478 |    206 |     23 |    261 |   1 |  684.0 |
           Dis |   4147 |   3934 |    213 |   1504 |    761 |   7 |  592.4 |
       Gehenna |   3303 |   3089 |    214 |   1058 |    982 |   7 |  471.9 |
       Cocytus |   2578 |   2498 |     80 |    852 |    432 |   7 |  368.3 |
      Tartarus |   3317 |   3117 |    200 |    562 |   1122 |   7 |  473.9 |
           Zot |   7260 |   6183 |   1077 |   1754 |   2488 |   5 | 1452.0 |
         Abyss |    581 |    581 |      0 |      0 |    111 |   4 |  145.2 |
   Pandemonium |   9853 |   9853 |      0 |   1554 |   3330 |  25 |  394.1 |
    Desolation |   1183 |   1183 |      0 |    360 |    278 |   1 | 1183.0 |
               +--------+--------+--------+--------+--------+-----+--------+

Top non-repeatable levels by time:
Depths:1: 3101 daAuts
Depths:3: 2575 daAuts
   Dis:7: 2573 daAuts
Vaults:5: 2427 daAuts
 Snake:3: 2095 daAuts
Vaults:2: 2091 daAuts
   Zot:5: 2029 daAuts
Vaults:1: 1885 daAuts
    D:10: 1810 daAuts
 Snake:4: 1764 daAuts
   Elf:3: 1757 daAuts
   Coc:7: 1722 daAuts
  Tomb:1: 1706 daAuts
   Orc:2: 1702 daAuts
  Lair:4: 1663 daAuts
